 Dungeon Crawl Stone Soup version 0.27-a0-385-g3208abaabc (webtiles) character file.

Game seed: 12890299501932140080

906 jasper the Sneak (level 7, 0/85 HPs)
             Began as a Demigod Brigand on Feb 20, 2021.
             Succumbed to a water moccasin's poison
             ... on level 7 of the Dungeon.
             The game lasted 00:07:17 (5668 turns).

jasper the Sneak (Demigod Brigand)                  Turns: 5668, Time: 00:07:17

Health: 0/85       AC: 23    Str: 12    XL:     7   Next: 51%
Magic:  9/9        EV:  2    Int: 13    God:
Gold:   303        SH:  5    Dex: 23    Spells: 6/6 levels left

rFire    + + .     SeeInvis .   q - +0 dagger (venom)
rCold    . . .     Faith    .   (no shield)
rNeg     + + +     Spirit   .   (armour currently unavailable)
rPois    +         Reflect  +   (helmet currently unavailable)
rElec    +         Harm     .   (cloak currently unavailable)
rCorr    +         Rampage  .   (gloves currently unavailable)
Will     .....     NoTele   +   (boots currently unavailable)
Stlth    +++.......             y - amulet of reflection
HPRegen  0.24/turn              m - ring of flight
MPRegen  0.11/turn              F - ring of fire

@: brilliant, lethally poisoned (0 -> -11), tree-form, resistant, attractive,
hasted, very quick
A: high mp 1
a: no special abilities


You were on level 7 of the Dungeon.
You were a tree.
You visited 1 branch of the dungeon, and saw 7 of its levels.

You collected 303 gold pieces.

Inventory:

Hand Weapons
 a - a +2 dagger
 q - a +0 dagger of venom (weapon)
 x - a +0 rapier
Missiles
 d - 10 poisoned darts (quivered)
 e - 8 curare-tipped darts
 f - 171 stones
 u - 67 bolts
Armour
 b - a +0 robe
 c - a +0 cloak (melded)
 j - a +2 hat (melded)
 w - a +0 scale mail (melded)
 D - a +0 cloak
Jewellery
 l - an amulet of guardian spirit
 m - a ring of flight (left branch)
 y - an amulet of reflection (around neck)
 F - a ring of fire (right branch)
 I - an amulet of magic regeneration
 J - a +6 ring of intelligence {unknown}
Wands
 H - a wand of paralysis (3)
Scrolls
 g - 2 scrolls of immolation {unknown}
 n - 2 scrolls of fog {unknown}
 r - 5 scrolls of enchant armour {unknown}
 s - 2 scrolls of random uselessness {unknown}
 v - 8 scrolls of identify {unknown}
 A - a scroll of noise {unknown}
 C - a scroll of fear {unknown}
 E - a scroll of teleportation {unknown}
 G - 4 scrolls of enchant weapon {unknown}
Potions
 i - 2 potions of lignification
 t - 2 potions of flight


   Skills:
 + Level 3.5 Fighting
 * Level 4.4 Short Blades
 + Level 3.5 Throwing
 + Level 2.6 Armour
 + Level 3.0 Dodging
 + Level 4.9 Stealth
 - Level 0.7 Evocations


You had 6 spell levels left.
You didn't know any spells.
Your spell library was empty.

Dungeon Overview and Level Annotations

Branches:
Dungeon (7/15)
 Temple: D:4-7

Shops:
D:4 (

Annotations:
D:5 Ijyb
D:7 Pikel


Innate Abilities, Weirdness & Mutations

You have an increased reservoir of magic. (+10% MP)


Message History

You now have 10/57 hp.
It was a potion of brilliance.
You feel clever all of a sudden.
* * * LOW HITPOINT WARNING * * *
You feel sick.
You take 2 damage, and have 8/57 hp.
It was a potion of magic.
Magic courses through your body.
* * * LOW HITPOINT WARNING * * *
You feel sick.
You take 2 damage, and have 6/57 hp.
It was a potion of flight.
You feel very buoyant.
You fly up into the air.
* * * LOW HITPOINT WARNING * * *
You feel sick.
You take 2 damage, and have 4/57 hp.
It was a potion of attraction.
You feel attractive to monsters.
* * * LOW HITPOINT WARNING * * *
You feel sick.
You take 1 damage, and have 3/57 hp.
It was a potion of haste.
You feel yourself speed up.
* * * LOW HITPOINT WARNING * * *
You feel sick.
You take 1 damage, and have 2/57 hp.
It was a potion of resistance.
You feel protected.
* * * LOW HITPOINT WARNING * * *
You feel sick.
You take 1 damage, and have 1/57 hp.
Okay, then.
Really quaff the potion of lignification?
You turn into a tree.
Your +0 cloak melds into your body.
Your +2 hat melds into your body.
Your +0 scale mail melds into your body.
Your roots penetrate the ground.
* * * LOW HITPOINT WARNING * * *
You feel sick.
You now have 1/85 hp.
You die...

### #.. #
#.# #
#.##.##.#
#....(..#
##♣# #..#
#.<#
#...#
#.#.##
#.#.#
#.#.#
#.#.#
.#.#


There were no monsters in sight!

Vanquished Creatures
  A water moccasin (D:7)
  Duvessa (D:4)
  A centaur (D:6)
  2 bullfrogs
  2 lemures (D:6)
  Dowan (D:4)
  A scorpion (D:3)
  A hound (D:6)
  A bullfrog zombie (D:6)
  A jelly (D:6)
  Crazy Yiuf (D:4)
  Natasha (twice) (D:3)
  A worker ant (D:4)
  7 adders
  A white imp (D:4)
  An adder skeleton (D:6)
  6 worms
  A dart slug (D:2)
  4 leopard geckos
  7 orcs
  11 bats
  2 giant cockroaches
  5 goblins
  8 hobgoblins
  6 jackals
  10 kobolds
  4 quokkas
  A ball python (D:3)
  8 frilled lizards
  A jackal skeleton (D:4)
  2 leopard gecko skeletons
  A quokka zombie (D:2)
  13 rats
115 creatures vanquished.

Vanquished Creatures (others)
  3 plants
3 creatures vanquished.

Grand Total: 118 creatures vanquished

Notes
Turn   | Place    | Note
-------+----------+-------------------------------------------
     0 | D:1      | jasper the Demigod Brigand began the quest for the Orb.
     0 | D:1      | Reached XP level 1. HP: 17/17 MP: 3/3
   449 | D:1      | Reached skill level 1 in Dodging
   663 | D:1      | Reached XP level 2. HP: 24/24 MP: 4/4
  1177 | D:2      | Reached XP level 3. HP: 23/29 MP: 3/5
  1474 | D:2      | Found a faded altar of an unknown god.
  1499 | D:2      | Found a shimmering altar of Xom.
  1859 | D:3      | Reached skill level 1 in Armour
  1859 | D:3      | Reached XP level 4. HP: 32/36 MP: 6/6
  2321 | D:3      | Found an ornate altar of the Wu Jian Council.
  2633 | D:3      | Reached XP level 5. HP: 42/42 MP: 5/7
  2702 | D:3      | Noticed Natasha
  2723 | D:3      | Killed Natasha
  2949 | D:3      | Noticed Natasha
  2961 | D:3      | Killed Natasha
  3409 | D:4      | Reached XP level 6. HP: 46/50 MP: 8/8
  3512 | D:4      | Found Luttekea's Weapon Emporium.
  3686 | D:4      | Noticed Duvessa
  3700 | D:4      | Noticed Dowan
  3721 | D:4      | Killed Duvessa
  3728 | D:4      | Killed Dowan
  4229 | D:4      | Found a runed translucent door.
  4230 | D:4      | Noticed Crazy Yiuf
  4574 | D:4      | Killed Crazy Yiuf
  4736 | D:5      | Entered Level 5 of the Dungeon
  4739 | D:5      | Noticed Ijyb
  4809 | D:5      | Found a basalt altar of Yredelemnul.
  4809 | D:5      | Found a shadowy altar of Dithmenos.
  4809 | D:5      | Found a blossoming altar of Fedhas.
  4838 | D:6      | Reached XP level 7. HP: 53/57 MP: 9/9
  5499 | D:7      | Noticed Pikel
  5665 | D:7      | HP: 2/57 [poisoned by a water moccasin]
  5668 | D:7      | Succumbed to a water moccasin's poison

Illustrated notes

Levels and vault maps discovered:
D:1:      minmay_arrival_shattered_statue, layout_rooms
D:2:      layout_rooms, brannock_xom_greatest_gift,
          chequers_ecumenical_altar_lobes, minmay_tetromino_l4
D:3:      minmay_chambers_of_threes, layout_basic,
          pdpol_wu_jian_five_deadly_venoms, uniq_natasha
D:4:      layout_basic, serial_shops,
          nicolae_shop_temple_entry_statues_fountains, minivault_5,
          uniq_duvessa, uniq_crazy_yiuf_cottage
D:5:      layout_basic, chequers_temple_overflow_statue_of_worship,
          minmay_temple_entry_waves, chequers_serial_rivers_micro_a,
          serial_bayou_lagoon_b, uniq_ijyb, uniq_menkaure
D:6:      layout_cave_pools
D:7:      minmay_inner_zag, layout_loops_cross, uniq_pikel

Skill      XL: |  1  2  3  4  5  6  7 |
---------------+----------------------+-----
Short Blades   | 2 3 4 |  4.4
Dodging        | 1 2 3 |  3.0
Fighting       | 2 3 |  3.5
Throwing       | 2 3 |  3.5
Armour         | 1 2 |  2.6
Stealth        | 4 |  4.9
Evocations     | |  0.7

Action                   |  1- 3 |  4- 6 |  7- 9 || total
-------------------------+-------+-------+-------++-------
Melee: Dagger            |   134 |   264 |    83 ||   481
Throw: Dart              |    22 |     8 |     2 ||    32
Evoke: Wand              |       |       |     2 ||     2
  Use: Potion            |       |       |     9 ||     9
 Stab: Sleeping          |     7 |     3 |     4 ||    14
       Paralysed         |       |       |     1 ||     1
Armor: Robe              |    35 |    14 |       ||    49
       Scale mail        |       |   106 |    22 ||   128
Dodge: Dodged            |    59 |   120 |    41 ||   220
Block: Other             |       |    11 |    17 ||    28

Table legend: (Time is in decaauts)
 A = Elapsed time spent in this place.
 B = Non-inter-level travel time spent in this place.
 C = Inter-level travel time spent in this place.
 D = Time resting spent in this place.
 E = Time spent auto-exploring this place.
 F = Levels seen in this place.
 G = Mean time per level.
                   A        B        C        D        E       F      G
               +--------+--------+--------+--------+--------+-----+--------+
         Total |   5590 |   5368 |    222 |    719 |   3687 |   7 |  798.6 |
       Dungeon |   5590 |   5368 |    222 |    719 |   3687 |   7 |  798.6 |
               +--------+--------+--------+--------+--------+-----+--------+

Top non-repeatable levels by time:
     D:3: 1520 daAuts
     D:4: 1383 daAuts
     D:1: 1016 daAuts
     D:2: 815 daAuts
     D:6: 799 daAuts
     D:5: 32 daAuts
     D:7: 22 daAuts
